Map: Chain of Ascension

Players

Yuriprime

  • Race: Zerg Zerg
  • Spawn Location: 11:00

LilArrin

  • Race: Zerg Zerg

VOD

Have the link to the VOD?

Description

Time

  • Played on: April 28, 2018, 3:15 a.m.
  • Length: 10:16
Show
View Real Time Build Order
Export as new Build Order

Yuriprime Zerg 

Build Orders:  

Get SALT Encoding   

  12  0:04  Drone  
  13  0:18  Overlord  
  13  0:25  Drone  
  14  0:43  Roach Warren  
  14  0:47  Drone  
  14  0:55  Drone  
  14  0:59  Drone  
  16  1:10  Roach  
  16  1:17  Extractor  
  17  1:27  Roach  
  17  1:29  Drone  
  20  1:37  Drone  
  21  1:45  Overlord  
  21  1:53  Roach  
  21  2:08  Overlord, Drone  
  22  2:10  Extractor  
  22  2:15  Brutalisk  
  21  2:28  Roach  
  23  2:30  Drone x2  
  25  2:59  Lair  
  25  3:03  Overlord  
  25  3:05  Drone  
  26  3:13  Roach  
  26  3:35  Brutalisk  
  26  3:55  Overlord  
  26  3:56  Drone, Spire  
  26  3:57  Roach  
  28  4:19  Overlord, Drone  
  29  4:20  Drone x2  
  31  5:06  Roach  
  31  5:27  Mutalisk x4  
  31  5:28  Brutalisk  
  39  5:47  Overlord  
  39  5:48  Overlord, Roach  
  41  6:26  Roach  
  41  6:27  Roach x2  
  47  6:39  Queen  
  47  6:40  Mutalisk  
  47  6:42  Mutalisk  
  47  6:49  Mutalisk  
  49  7:08  Leviathan  
  49  7:09  Queen  
  49  7:10  Leviathan  
  49  7:17  Leviathan  
  49  7:39  Queen  
  49  7:49  Roach x2  
  55  8:06  Queen  
  55  8:09  Queen  
  55  8:51  Brutalisk  
Show
View Real Time Build Order
Export as new Build Order

LilArrin Zerg 

Build Orders:  

Get SALT Encoding   

  18  0:03  Primal Drone  
  19  0:12  Primal Drone  
  19  0:19  Primal Drone  
  21  0:27  Extractor  
  21  0:50  Primal Warden  
  21  0:58  Primal Drone  
  23  1:13  Primal Drone  
  24  1:42  Primal Drone x2  
  24  1:43  Extractor  
  26  1:55  Glevig's Den  
  25  2:16  Primal Warden  
  25  2:17  Primal Drone x2  
  27  2:34  Primal Drone  
  29  2:52  Primal Drone  
  29  2:53  Primal Drone  
  29  2:56  Primal Warden  
  31  3:29  Primal Drone, Murvar's Den  
  31  3:44  Primal Drone x2  
  33  3:58  Primal Drone x2  
  35  4:20  Primal Drone  
  35  4:21  Primal Drone  
  38  4:44  Primal Drone  
  39  4:53  Primal Warden  
  39  4:56  Primal Zergling  
  40  5:00  Primal Drone  
  41  5:38  Aerial Burst Sacs  
  41  5:39  Dakrun's Den  
  40  5:51  Primal Drone x3  
  40  5:55  Primal Swarm Host  
  40  5:56  Primal Swarm Host x2  
  52  6:33  Primal Drone x2  
  54  6:41  Primal Swarm Host x3  
  54  6:42  Primal Zergling  
  64  7:02  Primal Swarm Host  
  67  7:18  Primal Swarm Host  
  70  7:21  Primal Zergling x3  
  73  7:36  Primal Swarm Host  
  76  8:07  Primal Zergling x3  
  79  8:33  Primal Hydralisk x3  
  79  8:34  Primal Zergling x3  
  88  8:51  Primal Zergling x2  
  88  8:52  Primal Zergling  
  91  9:09  Primal Swarm Host x3  
  100  10:00  Primal Hydralisk  
  100  10:01  Primal Zergling x2  
Tags
 
Add a new tag
Caveats
  • Supply blocks, unpowered buildings, or Contaminate may cause inaccurate times.
  • Supply counts are checked every 10 seconds.